 Dungeon Crawl Stone Soup version 0.31-a0-920-g28cbb04a8c (webtiles) character file.

Game seed: 7593223481533090028

3625 Dirtsage the Cleaver (level 10, 0/90 HPs)
             Began as a Hill Orc Fighter on Oct 17, 2023.
             Was a Believer of the Shining One.
             Slain by a two-headed ogre
             ... wielding a +0 giant club
              (21 damage)
             ... on level 8 of the Dungeon.
             The game lasted 00:12:03 (6645 turns).

Dirtsage the Cleaver (Hill Orc Fighter)             Turns: 6645, Time: 00:12:04

Health: 0/90       AC: 15    Str: 30    XL:     10   Next: 11%
Magic:  12/15      EV: 10    Int:  6    God:    the Shining One [**....]
Gold:   450        SH: 15    Dex: 19    Spells: 9/9 levels left

rFire   . . .        a - +0 war axe (venom)
rCold   . . .        c - +0 buckler
rNeg    + . .        C - +3 scale mail of Reason {+Inv rCorr Int-2 Dex+9}
rPois   .            w - +2 helmet
rElec   .            (no cloak)
rCorr   +            p - +0 pair of gloves
SInv    .            (no boots)
Will    .....        (no amulet) Stlth
                     D - +6 ring of strength
HPRegen 0.35/turn    A - +4 ring of slaying
MPRegen 0.14/turn

%: no passive effects
@: divinely shielded, glowing
A: no striking features
a: Renounce Religion, Evoke Invisibility, Divine Shield


You were on level 8 of the Dungeon.
You worshipped the Shining One.
The Shining One was pleased with you.
You visited 2 branches of the dungeon, and saw 9 of its levels.

You collected 450 gold pieces.

Inventory:

Hand Weapons
 a - a +0 war axe of venom (weapon)
 i - a +0 broad axe
Missiles
 g - a throwing net
 x - a curare-tipped dart
Armour
 b - a +0 scale mail
 c - a +0 buckler (worn)
 p - a +0 pair of gloves (worn)
 r - a +2 chain mail of cold resistance
 w - a +2 helmet (worn)
 C - the +3 scale mail of Reason (worn) {+Inv rCorr Int-2 Dex+9}
   (You took it off a gnoll on level 5 of the Dungeon)

   Int-2:     It affects your intelligence (-2).
   Dex+9:     It affects your dexterity (+9).
   +Inv:      It lets you turn invisible.
   rCorr:     It protects you from acid and corrosion.
Magical Staves
 z - a staff of cold
Jewellery
 k - a ring of ice
 A - a +4 ring of slaying (right hand)
 D - a +6 ring of strength (left hand)
 W - a ring of wizardry
Wands
 h - a wand of light (14)
 s - a wand of flame (23)
 H - a wand of polymorph (6)
 I - a wand of charming (5)
Scrolls
 e - a scroll of revelation
 j - 2 scrolls of teleportation {unknown}
 m - 2 scrolls of fog
 n - a scroll of noise
 o - a scroll of acquirement
 t - a scroll of enchant armour {unknown}
 y - a scroll of enchant weapon {unknown}
 B - 2 scrolls of blinking
 E - 2 scrolls of poison
 G - a scroll of summoning
Potions
 d - a potion of might
 f - a potion of attraction {unknown}
 l - 2 potions of heal wounds
 q - a potion of curing
 u - 2 potions of cancellation {unknown}
 v - 5 potions of enlightenment
 F - a potion of magic


   Skills:
 + Level 8.5 Fighting
 * Level 12.1 Axes
 + Level 5.6 Armour
 + Level 6.4 Shields
 + Level 7.4 Invocations


You had 9 spell levels left.
You didn't know any spells.
Your spell library contained the following spells:

 Spells                   Type           Power      Damage    Failure   Level
 Freeze                   Ice            0%         1d3       75%         1
 Slow                     Hex            0%         N/A       75%         1
 Jinxbite                 Hex            0%         N/A       86%         2
 Poisonous Vapours        Pois/Air       0%         N/A       86%         2
 Frozen Ramparts          Ice            0%         1d1       98%         3
 Hailstorm                Conj/Ice       0%         3d3       98%         3
 Leda's Liquefaction      Hex/Erth       0%         N/A       100%        4
 Petrify                  Tmut/Erth      0%         N/A       100%        4
 Lee's Rapid Deconstruct  Erth           0%         3d4*      100%        5
 Metabolic Englaciation   Hex/Ice        0%         N/A       100%        5
 Bombard                  Conj/Erth      0%         9d1       100%        6


Dungeon Overview and Level Annotations

Branches:
Dungeon (8/15)             Temple (1/1) D:4
   Lair: D:8-11

Altars:
Cheibriados
Dithmenos
Elyvilon
Fedhas
Gozag
Kikubaaqudgha
Makhleb
Okawaru
Qazlal
Ru
Trog
Uskayaw
Vehumet
Wu Jian
Xom
Yredelemnul
Zin
The Shining One


Message History

An orc warrior comes into view. It is wielding a +0 halberd.
The orc hits you with a +0 dagger. The grasping roots constrict you.
You take 3 damage, and have 85/90 hp.
You barely miss the orc. The orc hits you but does no damage.
The grasping roots constrict you.
You slash the orc!
You kill the orc!
A two-headed ogre comes into view. It is wielding two +0 giant clubs.
You block the orc warrior's attack. You block the orc warrior's attack.
Things that are here:
a +0 dagger; a +0 scale mail; a wand of roots (4)
You hit the orc warrior but do no damage.
The orc warrior hits you but does no damage.
You slash the orc warrior!
The orc warrior looks as sick as possible!
The orc warrior is moderately wounded.
The orc warrior hits you with a +0 halberd!
You take 10 damage, and have 76/90 hp.
You slice the orc warrior!!
You kill the orc warrior!
The two-headed ogre hits you with a +0 giant club!!
The two-headed ogre hits you with a +0 giant club!
You block the orc's attack.
Items here: )) [ †.
You take 33 damage, and have 43/90 hp.
MASSIVE DAMAGE!!
Your shield is strengthened by the Shining One's divine power.
You block the orc's attack.
You now have 12/15 mp.
You hit the two-headed ogre but do no damage.
The two-headed ogre is poisoned.
You slice the orc!!
You kill the orc!
The two-headed ogre hits you with a +0 giant club!!
* * * LOW HITPOINT WARNING * * *
The two-headed ogre completely misses you.
You take 23 damage, and have 20/90 hp.
MASSIVE DAMAGE!!
You completely miss the two-headed ogre.
The two-headed ogre is lightly wounded.
The two-headed ogre hits you with a +0 giant club!!
You die...

........#####.
#....#.......
#....#.######
#......#.....
#......#..._.
#......#..... #
#....#.######
#..#######....#.......
#...O@).......###..###
......)########.......#
#.#.##. #.####..# .. #.
#.##....# . #.
#.##....## #.
##[####..#. ..
...###..... ##
#........#. #.####..###


You could see a two-headed ogre (very poisoned).

Vanquished Creatures
  Maggie (D:7)
  An acid dragon (D:7)
  A water moccasin (D:6)
  An ice beast (D:7)
  An orc warrior (D:8)
  4 black bears
  7 ogres
  2 kobold brigands
  2 bullfrogs
  A gnoll sergeant (D:6)
  2 scorpions
  3 wights (D:8)
  6 killer bees (D:7)
  6 howler monkeys
  3 jellies
  3 hounds
  A gnoll bouda (D:5)
  4 orc priests
  Jessica (D:3)
  An orc wizard (D:6)
  3 iguanas
  A statue (D:8)
  5 adders
  20 gnolls
  A white imp (D:7)
  4 ufetubi
  3 worms
  6 dart slugs
  18 orcs
  9 ball pythons
  5 endoplasms
  5 goblins
  7 hobgoblins
  4 jackals (D:4)
  9 quokkas
  6 bats
  3 frilled lizards
  12 kobolds
  10 rats
182 creatures vanquished.

Notes
Turn   | Place    | Note
-------+----------+-------------------------------------------
     0 | D:1      | Dirtsage the Hill Orc Fighter began the quest for the Orb.
     0 | D:1      | Reached XP level 1. HP: 19/19 MP: 1/1
     3 | D:1      | Noticed an electric eel
    82 | D:1      | Reached skill level 3 in Axes
    83 | D:1      | Reached XP level 2. HP: 26/27 MP: 2/2
   555 | D:1      | Reached XP level 3. HP: 33/33 MP: 3/3
  1085 | D:2      | Reached skill level 4 in Axes
  1660 | D:3      | Reached XP level 4. HP: 41/41 MP: 4/4
  1773 | D:3      | Found a glowing golden altar of the Shining One.
  1775 | D:3      | Noticed an angel
  1780 | D:3      | Became a worshipper of the Shining One
  1820 | D:3      | Reached skill level 5 in Axes
  1831 | D:3      | Reached XP level 5. HP: 26/47 MP: 5/5
  2002 | D:3      | Noticed Jessica
  2012 | D:3      | Killed Jessica
  2120 | D:3      | Found a bloodstained altar of Trog.
  2214 | D:3      | Found a blossoming altar of Fedhas.
  2473 | D:3      | Found a basalt altar of Yredelemnul.
  2476 | D:3      | Noticed a profane servitor
  2866 | D:4      | Found an opulent altar of Gozag.
  2971 | D:4      | Identified a scroll of acquirement
  2980 | D:4      | Found a stormy altar of Qazlal.
  2988 | D:4      | Noticed an ogre
  2995 | D:4      | Killed an ogre
  2996 | D:4      | Reached skill level 5 in Fighting
  2996 | D:4      | Reached skill level 6 in Axes
  2996 | D:4      | Reached skill level 1 in Invocations
  2996 | D:4      | Reached XP level 6. HP: 23/56 MP: 5/7
  3123 | D:4      | Found a burning altar of Makhleb.
  3152 | D:4      | Reached * piety under the Shining One
  3273 | D:4      | Found a staircase to the Ecumenical Temple.
  3285 | Temple   | Entered the Ecumenical Temple
  3306 | D:4      | Reached skill level 7 in Axes
  3306 | D:4      | Reached XP level 7. HP: 30/61 MP: 7/9
  3797 | D:5      | Entered Level 5 of the Dungeon
  3803 | D:5      | Identified the +3 scale mail of Reason {+Inv rCorr Int-2
                  | Dex+9}
  3912 | D:5      | Reached skill level 8 in Axes
  3962 | D:5      | Reached XP level 8. HP: 66/71 MP: 9/11
  3984 | D:5      | Found a snail-covered altar of Cheibriados.
  4065 | D:5      | Reached skill level 9 in Axes
  4371 | D:5      | Reached skill level 5 in Invocations
  4953 | D:6      | Reached skill level 5 in Shields
  4956 | D:6      | Reached skill level 10 in Axes
  5067 | D:6      | Found an ornate altar of the Wu Jian Council.
  5077 | D:6      | Found a sacrificial altar of Ru.
  5104 | D:6      | Reached XP level 9. HP: 79/79 MP: 13/13
  5697 | D:7      | Reached skill level 11 in Axes
  5707 | D:7      | Reached skill level 5 in Armour
  5739 | D:7      | Reached ** piety under the Shining One
  5827 | D:7      | Noticed Maggie
  5844 | D:7      | Killed Maggie
  6301 | D:8      | Identified the "Emetekk"
  6306 | D:8      | Reached XP level 10. HP: 85/88 MP: 15/15
  6409 | D:8      | Found a radiant altar of Vehumet.
  6542 | D:8      | Reached skill level 12 in Axes
  6576 | D:8      | Found a shadowy altar of Dithmenos.
  6637 | D:8      | Noticed a two-headed ogre
  6645 | D:8      | Slain by a two-headed ogre

Illustrated notes

Levels and vault maps discovered:
D:1:      arrival_aquarium_b, layout_loops_corners, solitary_fountain,
          chequers_serial_rivers_large_a, minmay_pentomino_z2
D:2:      layout_loops_ring, kennysheep_generic_room_3
D:3:      layout_loops_corners, grunt_temple_overflow_holy_war,
          trog_butcher_becter, fedhas_ov_isle_minmay, uniq_jessica
D:4:      layout_loops_cross, makhleb_heckhound_becter,
          mainiacjoe_overflow_chevrons, old_standard_altar,
          minmay_temple_entry_wispy, nrook_loot_triangle
D:5:      layout_rooms, amcnicky_altar_gilded, dreamdust_gnoll_farm
D:6:      layout_basic, mainiacjoe_overflow_cross_hatched,
          pdpol_wu_jian_five_deadly_venoms
D:7:      layout_loops_ring, uniq_maggie
D:8:      layout_loops_cross, nicolae_dithmenos_the_darkroom, vehumet_statue,
          hangedman_decor_opposing
Temple:   nicolae_temple_stand_before_the_council

Skill      XL: |  1  2  3  4  5  6  7  8  9 10 |
---------------+-------------------------------+-----
Axes           | 3 4 5 6 7 8 10 11 12 | 12.1
Fighting       | 4 5 6 7 8 |  8.5
Shields        | 4 5 6 |  6.4
Invocations    | 1 2 4 5 7 |  7.4
Armour         | 4 5 |  5.6

Action                     |  1- 3 |  4- 6 |  7- 9 | 10-12 || total
---------------------------+-------+-------+-------+-------++-------
  Melee: War axe           |    82 |   142 |   192 |    30 ||   446
  Throw: Dart              |       |       |     1 |       ||     1
 Invoke: Divine Shield     |       |     1 |     1 |     1 ||     3
    Use: Potion            |       |     1 |     5 |       ||     6
         Scroll            |       |     4 |     4 |       ||     8
 Armour: Scale mail        |    39 |       |    84 |    18 ||   141
         Chain mail        |     3 |   116 |    60 |       ||   179
  Dodge: Dodged            |    50 |    49 |    55 |     9 ||   163
  Block: Buckler           |    15 |    28 |    44 |     9 ||    96

Table legend: (Time is in decaauts)
 A = Elapsed time spent in this place.
 B = Non-inter-level travel time spent in this place.
 C = Inter-level travel time spent in this place.
 D = Time resting spent in this place.
 E = Time spent auto-exploring this place.
 F = Levels seen in this place.
 G = Mean time per level.
                   A        B        C        D        E       F      G
               +--------+--------+--------+--------+--------+-----+--------+
         Total |   6716 |   6503 |    213 |     94 |   5371 |   9 |  746.2 |
       Dungeon |   6714 |   6501 |    213 |     94 |   5371 |   8 |  839.2 |
        Temple |      1 |      1 |      0 |      0 |      0 |   1 |    1.0 |
               +--------+--------+--------+--------+--------+-----+--------+

Top non-repeatable levels by time:
     D:3: 1230 daAuts
     D:4: 1051 daAuts
     D:1: 1035 daAuts
     D:6: 830 daAuts
     D:7: 803 daAuts
     D:5: 767 daAuts
     D:2: 655 daAuts
     D:8: 340 daAuts
  Temple: 1 daAuts
